 Dungeon Crawl Stone Soup version 0.30.1-4-g462c640d31 (webtiles) character file.

Game seed: 10261442199301519735

58 mortz the Caller (level 3, 0/19 HPs)
             Began as a Deep Elf Summoner on Sept 12, 2023.
             Slain by a hobgoblin (3 damage)
             ... on level 2 of the Dungeon.
             The game lasted 00:11:48 (1244 turns).

mortz the Caller (Deep Elf Summoner)                Turns: 1244, Time: 00:11:49

Health: 0/19       AC:  3    Str:  5    XL:     3   Next: 75%
Magic:  9/10       EV: 13    Int: 21    God:
Gold:   62         SH:  0    Dex: 15    Spells: 2/9 levels left

rFire   . . .        n - +0 falchion
rCold   . . .        (no shield)
rNeg    . . .        a - +1 robe
rPois   .            (no helmet)
rElec   .            (no cloak)
rCorr   .            (no gloves)
SInv    .            (no boots)
Will    .....        (no amulet)
Stlth   ++           (no ring)
HPRegen 0.23/turn    (no ring)
MPRegen 0.12/turn

%: no passive effects
@: no status effects
A: no striking features
a: no special abilities


You were on level 2 of the Dungeon.
You visited 1 branch of the dungeon, and saw 2 of its levels.

You collected 62 gold pieces.

Inventory:

Hand Weapons
 g - a +0 short sword
 h - a +0 dagger
 l - a +0 whip
 n - a +0 falchion (weapon)
Missiles
 i - 24 stones
Armour
 a - a +1 robe (worn)
 d - a +0 leather armour
Scrolls
 e - a scroll of torment {unknown}
 k - 2 scrolls of identify {unknown}
 m - 2 scrolls of enchant armour
Potions
 b - 2 potions of magic
 c - 2 potions of curing {unknown}
 j - a potion of attraction {unknown}


   Skills:
 - Level 2.9 Dodging
 - Level 3.1 Stealth
 + Level 3.9 Spellcasting
 + Level 4.9 Summonings
 + Level 1.0 Translocations


You had 2 spell levels left.
You knew the following spells:

 Your Spells              Type           Power      Damage    Failure   Level
a - Summon Small Mammal   Summ           96%        N/A       1%          1
b - Call Imp              Summ           48%        N/A       2%          2
c - Call Canine Familiar  Summ           24%        N/A       4%          3
d - Apportation           Tloc           16%        N/A       8%          1

Your spell library contained the following spells:

 Spells                   Type           Power      Damage    Failure   Level
 Necrotise                Necr           16%        1d4       12%         1
 Summon Guardian Golem    Hex/Summ       14%        N/A       13%         3
 Summon Lightning Spire   Summ/Air       14%        N/A       41%         4


Dungeon Overview and Level Annotations

Branches:
Dungeon (2/15) Zot: 10751

Altars:

Annotations:
D:2 Natasha


Message History

A hobgoblin and Natasha come into view.
Found 5 stones, a book of Party Tricks, a cloak and a fizzy dark potion.
Natasha moves out of view.
Natasha hisses angrily.
A ball python comes into view.
The ball python hisses angrily.
The hobgoblin shouts!
You hear an angry hiss.
Natasha barely misses you.
An adder comes into view.
You hit Natasha.
Natasha is heavily wounded.
Your quokka barely misses Natasha.
Natasha stares at you and mumbles some strange words.
The magic dart hits you.
A rat comes into view.
You hit Natasha.
Natasha is heavily wounded.
The adder bites your quokka but does no damage.
Your quokka barely misses Natasha.
Natasha casts a spell at you. You resist with some effort.
The adder closely misses your quokka.
Your quokka bites Natasha.
Natasha claws you.
You barely miss Natasha.
Natasha is heavily wounded.
The adder closely misses your quokka.
Your quokka bites Natasha.
The adder completely misses your quokka.
Natasha casts a spell.
The hobgoblin barely misses you.
You barely miss Natasha.
Natasha is severely wounded.
Your quokka closely misses Natasha.
The adder barely misses your quokka. Natasha claws you.
Your quokka closely misses Natasha.
The hobgoblin hits you but does no damage.
The cerulean imp hits you from afar with a +1 spear.
The adder bites your quokka.
You hit Natasha but do no damage.
Natasha is severely wounded.
Your quokka misses the adder. Natasha claws you.
* * * LOW HITPOINT WARNING * * *
The hobgoblin hits you.
You die...

##.#.#.##
##.#.#.#.##
##.#.###.#.##
##.#.##.##.#.##
##.#.##.# ##.#.##
##.#.##.#.#.##.#.##
#.#.##.#(..#
##.#.## ###
#5##gr[!# ##.#.#
#.# #.#h@r# ##r#.##
#.# ##S#r#.#
##.#r## #####.###
##S#.## ##.#.##
#.......# ## ##
##.#.## #.###<#.#
##.#.## ......#.#
##.#.##
..##....######
##.#.##
#............#
##.#.##
####...#######
##.#.##


You could see Natasha (ally target), a cerulean imp (summoned), an adder (ally
target), a hobgoblin, a ball python, a rat and 2 friendly quokkas.

Vanquished Creatures
  2 endoplasms (D:1)
  A hobgoblin (D:2)
  A frilled lizard (D:2)
  A kobold (D:1)
  2 rats (D:1)
7 creatures vanquished.

Vanquished Creatures (collateral kills)
  Natasha (D:2)
  3 dart slugs (D:1)
  2 ball pythons
  3 endoplasms (D:1)
  A giant cockroach (D:1)
  3 hobgoblins (D:1)
  A quokka (D:1)
  A frilled lizard (D:2)
  A goblin (D:1)
  5 rats
21 creatures vanquished.

Grand Total: 28 creatures vanquished

Notes
Turn   | Place    | Note
-------+----------+-------------------------------------------
     0 | D:1      | mortz the Deep Elf Summoner began the quest for the Orb.
     0 | D:1      | Reached XP level 1. HP: 10/10 MP: 6/6
   185 | D:1      | Reached XP level 2. HP: 10/15 MP: 8/8
   763 | D:1      | Reached XP level 3. HP: 19/19 MP: 10/10
   768 | D:1      | Learned a level 2 spell: Call Imp
   772 | D:1      | Learned a level 3 spell: Call Canine Familiar
   891 | D:2      | Learned a level 1 spell: Apportation
  1050 | D:2      | Noticed Natasha
  1087 | D:2      | Killed Natasha
  1191 | D:2      | Reached skill level 1 in Translocations
  1236 | D:2      | Noticed Natasha
  1244 | D:2      | Slain by a hobgoblin

Illustrated notes

Levels and vault maps discovered:
D:1:      minmay_arrival_jagged, layout_basic, kennysheep_pointless_box,
          minivault_23
D:2:      minmay_inner_zag, layout_loops_corners, minmay_pentomino_u2,
          uniq_natasha

Skill      XL: |  1  2  3 |
---------------+----------+-----
Stealth        | 3 |  3.1
Translocations | 1 |  1.0
Dodging        | |  2.9
Spellcasting   | |  3.9
Summonings     | |  4.9

Action                     || total
---------------------------++-------
  Melee: Unarmed           ||     5
         Short sword       ||    22
         Club              ||     6
         Falchion          ||     8
  Throw: Stone             ||     3
   Cast: Summon Small Mamm ||    43
    Use: Scroll            ||     1
 Armour: Robe              ||    11
  Dodge: Dodged            ||    28
